 Dungeon Crawl Stone Soup version 0.20.0-10-g0535bb4 (webtiles) character file.

356 MTVSty1e the Skirmisher (level 6, -3/40 HPs)
             Began as a Gargoyle Fighter on June 4, 2017.
             Killed by divine providence
             ... invoked by an orc priest
              (11 damage)
             ... on level 4 of the Dungeon.
             The game lasted 00:04:10 (2625 turns).

MTVSty1e the Skirmisher (Gargoyle Fighter)          Turns: 2625, Time: 00:04:11

Health: -3/40      AC: 12    Str: 26    XL:     6   Next: 63%
Magic:  6/6        EV: 11    Int:  9    God:
Gold:   145        SH: 10    Dex:  9    Spells: 5/5 levels left

rFire    . . .     SeeInvis .   a - +1 war axe
rCold    . . .     Gourm    .   c - +1 shield
rNeg     + . .     Faith    .   b - +0 scale mail
rPois    ∞         Spirit   .   (no helmet)
rElec    +         Reflect  .   (no cloak)
rCorr    .         Harm     .   o - +0 pair of gloves
MR       .....                  (no boots)
Stlth    ..........             (no amulet)
Regen    0.2/turn               e - +4 ring of evasion
MPRegen  0.1/turn               (no ring)

@: mighty, hasted, very quick
A: negative energy resistance 1, electricity resistance, unbreathing,
petrification resistance, rot immunity, AC +4
a: no special abilities


You were on level 4 of the Dungeon.
You were hungry.

You visited 1 branch of the dungeon, and saw 4 of its levels.

You collected 145 gold pieces.

Inventory:

Hand Weapons
 a - a +1 war axe (weapon)
Armour
 b - a +0 scale mail (worn)
 c - a +1 shield (worn)
 o - a +0 pair of gloves (worn)
Jewellery
 e - a +4 ring of evasion (left hand)
Scrolls
 g - 4 scrolls of teleportation
 m - a scroll of enchant armour
 r - a scroll of remove curse
 v - 2 scrolls of amnesia
Potions
 i - 3 potions of lignification
 k - 2 potions of brilliance
 l - 2 potions of agility
 n - a potion of haste
 p - 3 potions of curing
 x - a potion of resistance {unknown}
 z - a potion of invisibility {unknown}
Comestibles
 f - 5 bread rations
 j - a royal jelly
 t - 2 fruits


   Skills:
 + Level 5.3 Fighting
 * Level 5.1 Axes
 - Level 3.2 Armour
 - Level 3.2 Shields


You had 5 spell levels left.
You didn't know any spells.

Dungeon Overview and Level Annotations

Branches:
Dungeon (4/15)
 Temple: D:4-7

Altars:
Hepliaklqana


Innate Abilities, Weirdness & Mutations

You are resistant to torment.
Your stone body is resilient. (AC +4)
You are immune to poison.
You resist negative energy. (rN+)
You are resistant to electric shocks. (rElec)
You can survive without breathing.
You are immune to petrification.
You are immune to rotting.


Message History

The orc's wounds heal themselves!
The orc priest hits you.
* * * LOW HITPOINT WARNING * * *
You barely miss the orc priest. The orc priest closely misses you.
You feel very mighty all of a sudden.
The orc priest hits you but does no damage.
You slice the orc priest!!
You kill the orc priest!
Your Axes skill increases to level 5!
You closely miss the orc wizard.
The orc wizard is moderately wounded.
The orc wizard casts a spell at you. You resist with some effort.
The orc wizard points at you and mumbles some strange words.
The magic dart hits you!
* * * LOW HITPOINT WARNING * * *
You slash the orc wizard!
You kill the orc wizard!
The orc priest invokes the aid of Beogh against you.
Beogh smites you!
You die...

########### ..........#
###.......#############
..........o.o@........#
.##...!...###########.#
##?###### #.# #. #.# #
#.# #.# #.# #.# # #.#


You could see an orc priest and an orc.

Vanquished Creatures
  A big kobold (D:3)
  A crimson imp (D:3)
  An orc priest (D:4)
  A bullfrog skeleton (D:4)
  2 orc wizards (D:4)
  6 adders
  An ooze (D:4)
  A worm (D:2)
  A dart slug (D:2)
  2 leopard geckos
  4 giant cockroaches
  12 hobgoblins
  3 jackals (D:1)
  A quokka (D:2)
  A ball python (D:4)
  8 bats
  8 frilled lizards
  6 goblins
  15 kobolds
  7 rats
82 creatures vanquished.

Notes
Turn   | Place    | Note
-------+----------+-------------------------------------------
     0 | D:1      | MTVSty1e the Gargoyle Fighter began the quest for the Orb.
     0 | D:1      | Reached XP level 1. HP: 14/14 MP: 1/1
    91 | D:1      | Reached XP level 2. HP: 13/19 MP: 2/2
   332 | D:1      | Reached XP level 3. HP: 23/24 MP: 3/3
  1272 | D:2      | Reached XP level 4. HP: 29/29 MP: 4/4
  1971 | D:3      | Noticed a big kobold
  1977 | D:3      | Killed a big kobold
  1977 | D:3      | Reached XP level 5. HP: 34/34 MP: 5/5
  2459 | D:3      | Reached XP level 6. HP: 40/40 MP: 6/6
  2533 | D:4      | Found a hazy altar of Hepliaklqana.
  2542 | D:4      | Reached skill level 5 in Fighting
  2623 | D:4      | Reached skill level 5 in Axes
  2625 | D:4      | Killed from afar by an orc priest

Skill      XL: |  1  2  3  4  5  6 |
---------------+-------------------+-----
Axes           | 2 3 4 5 |  5.1
Fighting       | 4 5 |  5.3
Armour         | |  3.2
Shields        | |  3.2

Action                   |  1- 3 |  4- 6 || total
-------------------------+-------+-------++-------
Melee: War axe           |   158 |   153 ||   311
  Use: Scroll            |       |    16 ||    16
       Potion            |       |     2 ||     2
  Eat: Chunk             |     1 |     1 ||     2
       Fruit             |       |     2 ||     2
       Royal jelly       |       |     1 ||     1
Armor: Scale mail        |   109 |    71 ||   180
Dodge: Dodged            |    82 |    86 ||   168
Block: Shield            |   107 |   105 ||   212
